 Dungeon Crawl Stone Soup version 0.30-a0-174-gbc10bd73c2 (webtiles) character file.

Game seed: 10538532103979099557

1903 qw the Cleaver (level 9, 0/60 HPs)
             Began as a Gargoyle Fighter on Oct 1, 2022.
             Slain by a boulder beetle (16 damage)
             ... on level 6 of the Dungeon.
             The game lasted 00:02:17 (5556 turns).

qw the Cleaver (Gargoyle Fighter)                   Turns: 5556, Time: 00:02:18

Health: 0/60       AC: 18    Str: 24    XL:     9   Next: 15%
Magic:  9/9        EV:  9    Int:  9    God:
Gold:   217        SH:  4    Dex:  9    Spells: 8/8 levels left

rFire   . . .      SeeInvis .    Y - +0 war axe (freeze)
rCold   . . .      Faith    .    c - +0 buckler
rNeg    + + .      Spirit   .    p - +0 chain mail
rPois   inf        Reflect  .    o - +0 helmet
rElec   +          Harm     .    j - +0 cloak
rCorr   .          Rampage  .    (no gloves)
Will    .....                    (no boots)
Stlth   ..........               (no amulet)
HPRegen 0.30/turn                h - ring of positive energy
MPRegen 0.11/turn                (no ring)

@: no status effects
A: sickness immunity, AC +6, negative energy resistance 1, electricity
resistance, torment resistance 1, petrification resistance, robust 1, wild magic
1, no potion heal 1, sturdy frame 1
a: no special abilities


You were on level 6 of the Dungeon.
You visited 1 branch of the dungeon, and saw 6 of its levels.
You also visited: Ossuary.

You collected 320 gold pieces.
You spent 103 gold pieces at shops.


Innate Abilities, Weirdness & Mutations

You are immune to sickness and miasma.
Your stone body is resilient. (AC +6)
You are immune to poison.
You resist negative energy. (rN+)
You are resistant to electric shocks. (rElec)
You are resistant to unholy torment.
You are immune to petrification.
You are robust. (+10% HP)
Your spells are a little harder to cast, but a little more powerful.
Potions are less effective at restoring your health.
Your movements are slightly less encumbered by armour. (ER -2)


   Skills:
 - Level 6.0 Fighting
 + Level 8.6 Axes
 - Level 2.7 Throwing
 - Level 5.0 Armour
 - Level 1.6 Dodging
 - Level 3.2 Shields


You had 8 spell levels left.
You didn't know any spells.
Your spell library was empty.

Inventory:

Hand Weapons
 f - a +0 flail
 Y - a +0 war axe of freezing (weapon)
Armour
 c - a +0 buckler (worn)
 j - a +0 cloak (worn)
 o - a +0 helmet (worn)
 p - a +0 chain mail (worn)
Jewellery
 e - an amulet of faith
 h - a ring of positive energy (left hand)
Scrolls
 a - a scroll of noise {unknown}
 m - 2 scrolls of identify
Potions
 b - a potion of haste {unknown}
 d - a potion of might
 g - 5 potions of curing
 k - a potion of attraction
 l - 2 potions of resistance

Dungeon Overview and Level Annotations

Branches:
Dungeon (6/15)            Ossuary (visited)
 Temple: D:4-7

Altars:
Ashenzari
Cheibriados
Elyvilon
Kikubaaqudgha
Nemelex Xobeh
Zin

Shops:
D:2 (   D:4 [


Message History

Things that are here:
a +0 rapier; a +0 leather armour
There is an open door, spattered with blood here.
i - 3 javelins (gained 1)
You see here a +0 trident.
Found 2 potions of berserk rage.
A boulder beetle comes into view.
Enter note:
Enter note:
Enter note: Throw: 3 javelins
Press: ? - help, Q - select action Shift-Dir - straight line, f - boulder beetle You throw a javelin.
The javelin pierces through the boulder beetle.
The boulder beetle is lightly wounded.
Throw: 2 javelins
Press: ? - help, Q - select action Shift-Dir - straight line, f/p - boulder beetle You throw a javelin.
The javelin pierces through the boulder beetle but does no damage.
The boulder beetle is lightly wounded.
Throw: javelin
Press: ? - help, Q - select action Shift-Dir - straight line, f/p - boulder beetle You throw a javelin.
The javelin pierces through the boulder beetle but does no damage.
The boulder beetle is lightly wounded.
The boulder beetle leaps!
A boulder beetle is nearby!
The boulder beetle curls into a ball and begins rolling!
You slash the boulder beetle! You freeze the boulder beetle.
The boulder beetle is lightly wounded.
The boulder beetle hits you!!
Ouch! That really hurt!
The boulder beetle stops rolling and uncurls.
You barely miss the boulder beetle.
The boulder beetle is lightly wounded.
The boulder beetle bites you!
You slash the boulder beetle! You freeze the boulder beetle.
The boulder beetle is moderately wounded.
The boulder beetle bites you!
You die...

0...... ..# #.##....>.
.0(.0...#..# #.##......
..(.0...#..# #.##......
0....0..#..# #.####.###
.0......#..# #.####.###
0.......#..# #.........
........8..# ######.###
...........# #....
......B@8..# ####.
..0.....#..# #..
.0..0...#..#############
...0....###.............
.....0..#...#.#.#.#.#.#.
......0.#...#.......#.).
..00.0..#...############
#########.... ......


You could see a boulder beetle.

Vanquished Creatures
  A troll (D:6)
  Eustachio (D:6)
  A steam dragon (D:5)
  An ice beast (D:6)
  An ogre (D:6)
  A phantom (D:4)
  A kobold brigand (D:6)
  A bullfrog (D:4)
  A necrophage (D:6)
  4 scorpions
  An electric eel (D:6)
  2 centaur zombies (Ossuary)
  A hound (D:6)
  A jelly (D:4)
  3 orc wizards
  6 iguanas
  3 mummies
  12 adders
  2 shadow imps
  A white imp (D:6)
  2 ufetubi (D:5)
  An adder zombie (Ossuary)
  2 worms
  4 dart slugs
  11 orcs
  6 bats
  3 endoplasms
  2 giant cockroaches
  6 goblins
  12 hobgoblins
  4 jackals (D:2)
  13 kobolds
  4 quokkas (D:1)
  17 ball pythons
  2 frilled lizards
  A goblin zombie (Ossuary)
  7 hobgoblin zombies (Ossuary)
  A jackal zombie (Ossuary)
  13 kobold zombies (Ossuary)
  11 orc zombies (Ossuary)
  2 rats
  A rat zombie (Ossuary)
170 creatures vanquished.

Vanquished Creatures (others)
  A gargoyle (D:6)
  2 black bears (D:6)
  An ogre (D:6)
  A hound (D:6)
5 creatures vanquished.

Grand Total: 175 creatures vanquished

Notes
Turn   | Place    | Note
-------+----------+-------------------------------------------
     0 | D:1      | qw the Gargoyle Fighter began the quest for the Orb.
     0 | D:1      | Reached XP level 1. HP: 14/14 MP: 1/1
     0 | D:1      | 0 ||| qw: Version: 0.2-a-13-gfc7b4b4
     0 | D:1      | 0 ||| qw: Game counter: 1921
     0 | D:1      | 0 ||| qw: Always use a shield: true
     0 | D:1      | 0 ||| qw: God list: Okawaru
     0 | D:1      | 0 ||| qw: Allow faded altars: false
     0 | D:1      | 0 ||| qw: Do Orc after D:15 true
     0 | D:1      | 0 ||| qw: Do second Lair branch before Depths: true
     0 | D:1      | 0 ||| qw: Lair rune preference: random
     0 | D:1      | 0 ||| qw: Plans: Normal, Zot:1-4, God:TSO, Crypt, Tomb,
                  | Pan, Slime:5, Hells, Abyss, Orb
     0 | D:1      | 0 ||| PLANNING D:1-11
    28 | D:1      | Reached skill level 2 in Axes
   117 | D:1      | Reached XP level 2. HP: 19/19 MP: 2/2
   136 | D:1      | 136 ||| Stepping ~*~*~tactically~*~*~ (stealth).
   138 | D:1      | 138 ||| DROPPING +0 club.
   158 | D:1      | 158 ||| Stepping ~*~*~tactically~*~*~ (stealth).
   161 | D:1      | 161 ||| Stepping ~*~*~tactically~*~*~ (stealth).
   350 | D:1      | Reached skill level 3 in Axes
   353 | D:1      | 353 ||| Stepping ~*~*~tactically~*~*~ (stealth).
   357 | D:1      | Reached XP level 3. HP: 23/23 MP: 3/3
   460 | D:1      | 460 ||| Stepping ~*~*~tactically~*~*~ (hiding).
   568 | D:1      | 568 ||| DROPPING ring of wizardry.
   569 | D:1      | 569 ||| READING scroll labelled NIJIOCWOSHE.
   608 | D:2      | Found Agothi's Antique Weapon Shoppe.
   614 | D:2      | 614 ||| SHOPLISTING glowing hand axe (132 gold, have 54).
   801 | D:2      | 801 ||| Stepping ~*~*~tactically~*~*~ (stealth).
   809 | D:2      | Reached XP level 4. HP: 24/28 MP: 4/4
   838 | D:2      | 838 ||| Stepping ~*~*~tactically~*~*~ (hiding).
  1226 | D:2      | 1226 ||| READING scroll labelled BETZUSCHEPI.
  1227 | D:2      | 1227 ||| READING scroll labelled QIUSOE QEOD.
  1228 | D:2      | 1228 ||| READING scroll labelled TODUOF YMEYNONT.
  1399 | D:3      | Found a broken altar of Ashenzari.
  1482 | D:3      | Reached skill level 1 in Throwing
  1564 | D:3      | Found an ancient bone altar of Kikubaaqudgha.
  1597 | D:3      | Reached skill level 4 in Axes
  1861 | D:3      | 1861 ||| UPGRADING to ring of positive energy.
  1862 | D:3      | 1862 ||| DRINKING 2 fuming emerald potions.
  1863 | D:3      | 1863 ||| READING 2 scrolls of identify.
  1863 | D:3      | 1863 ||| IDENTIFYING puce potion
  1864 | D:3      | 1864 ||| DROPPING potion of berserk rage.
  1865 | D:3      | 1865 ||| DROPPING potion of degeneration.
  1878 | D:4      | Found a snail-covered altar of Cheibriados.
  1878 | D:4      | Found a white marble altar of Elyvilon.
  1878 | D:4      | Found a sparkling altar of Nemelex Xobeh.
  1879 | D:4      | 1879 ||| PLANNING OSSUARY
  1880 | D:4      | 1880 ||| STAIRDANCE
  1978 | D:4      | Found a sand-covered staircase.
  1979 | D:4      | 1979 ||| FLEEEEING.
  1980 | D:4      | 1980 ||| FLEEEEING.
  1983 | D:4      | 1983 ||| FLEEEEING.
  1984 | D:4      | 1984 ||| FLEEEEING.
  1985 | D:4      | 1985 ||| FLEEEEING.
  1986 | D:4      | 1986 ||| FLEEEEING.
  1989 | D:4      | 1989 ||| FLEEEEING.
  1990 | D:4      | 1990 ||| FLEEEEING.
  2000 | D:4      | 2000 ||| UPGRADING to +0 cloak.
  2005 | D:4      | 2005 ||| READING 2 scrolls labelled ASTREJ VADOXKAF.
  2006 | D:4      | 2006 ||| FLEEEEING.
  2008 | D:4      | 2008 ||| DRINKING 2 glowing blue potions.
  2084 | D:4      | Reached XP level 5. HP: 32/32 MP: 5/5
  2272 | D:4      | 2272 ||| READING scroll labelled GAEDUU QAGEJO.
  2292 | D:4      | 2292 ||| DRINKING 3 murky blue potions.
  2393 | D:4      | 2393 ||| DROPPING 2 potions of ambrosia.
  2417 | Ossuary  | Entered an ossuary
  2582 | Ossuary  | Reached skill level 5 in Axes
  2591 | Ossuary  | Reached XP level 6. HP: 32/38 MP: 6/6
  2796 | Ossuary  | 2796 ||| DRINKING 3 smoky purple potions.
  2805 | D:4      | 2805 ||| PLANNING D:1-11
  2882 | D:4      | Reached skill level 1 in Dodging
  2892 | D:4      | Reached XP level 7. HP: 39/43 MP: 7/7
  3003 | D:4      | Found Omiovoakk's Antique Armour Shoppe.
  3010 | D:4      | 3010 ||| BUYING chain mail (103 gold).
  3010 | D:4      | Bought a chain mail for 103 gold pieces
  3010 | D:4      | 3010 ||| SHOPLISTING faintly humming steam dragon scales
                  | (1035 gold, have 106).
  3010 | D:4      | 3010 ||| SHOPLISTING glowing chain mail (172 gold, have
                  | 106).
  3010 | D:4      | 3010 ||| SHOPLISTING glowing orb (276 gold, have 106).
  3443 | D:4      | Reached skill level 6 in Axes
  3483 | D:4      | 3483 ||| UPGRADING to +0 helmet.
  3488 | D:4      | 3488 ||| UPGRADING to +0 chain mail.
  3498 | D:4      | 3498 ||| DROPPING +0 scale mail.
  3499 | D:4      | 3499 ||| READING scroll labelled PEZXOV QAODE.
  3500 | D:4      | 3500 ||| READING scroll labelled WOEMOTHRYESE.
  3501 | D:4      | 3501 ||| DRINKING 2 murky dark potions.
  3501 | D:4      | Gained mutation: Potions are less effective at restoring
                  | your health. [potion of mutation]
  3501 | D:4      | Gained mutation: Your skin changes colour to match your
                  | surroundings (Stealth+). [potion of mutation]
  3501 | D:4      | Gained mutation: You are dopey. (Int -2) [potion of
                  | mutation]
  3501 | D:4      | Gained mutation: You are robust. (+10% HP) [potion of
                  | mutation]
  3514 | D:4      | 3514 ||| DRINKING potion of mutation.
  3514 | D:4      | Lost mutation: You are dopey. (Int -2) [potion of mutation]
  3514 | D:4      | Lost mutation: Your skin changes colour to match your
                  | surroundings (Stealth+). [potion of mutation]
  3514 | D:4      | Gained mutation: Your movements are slightly less
                  | encumbered by armour. (ER -2) [potion of mutation]
  3514 | D:4      | Gained mutation: Your spells are a little harder to cast,
                  | but a little more powerful. [potion of mutation]
  3515 | D:4      | 3515 ||| DRINKING 3 bubbling black potions.
  3516 | D:4      | 3516 ||| READING 2 scrolls of identify.
  3516 | D:4      | 3516 ||| IDENTIFYING fuming puce potion
  3547 | D:5      | Entered Level 5 of the Dungeon
  3695 | D:5      | Noticed a steam dragon
  3696 | D:5      | 3696 ||| Stepping ~*~*~tactically~*~*~ (hiding).
  3699 | D:5      | 3699 ||| Stepping ~*~*~tactically~*~*~ (hiding).
  3713 | D:5      | Killed a steam dragon
  3714 | D:5      | Reached skill level 7 in Axes
  3792 | D:5      | 3792 ||| Stepping ~*~*~tactically~*~*~ (hiding).
  4168 | D:5      | 4168 ||| Stepping ~*~*~tactically~*~*~ (hiding).
  4454 | D:5      | 4454 ||| DRINKING 6 potions of curing.
  4454 | D:5      | 4454 ||| (to cure confusion)
  4492 | D:5      | 4492 ||| DROPPING amulet of magic regeneration.
  4493 | D:5      | 4493 ||| READING scroll labelled ARYPHU OCIXA.
  4494 | D:5      | 4494 ||| READING 3 scrolls of identify.
  4494 | D:5      | 4494 ||| IDENTIFYING silvery potion
  4495 | D:5      | 4495 ||| DROPPING potion of brilliance.
  4546 | D:6      | Reached XP level 8. HP: 53/53 MP: 8/8
  4572 | D:6      | 4572 ||| FLEEEEING.
  4573 | D:6      | 4573 ||| FLEEEEING.
  4574 | D:6      | 4574 ||| FLEEEEING.
  4678 | D:6      | 4678 ||| Stepping ~*~*~tactically~*~*~ (hiding).
  4712 | D:6      | 4712 ||| Stepping ~*~*~tactically~*~*~ (stealth).
  4712 | D:6      | Found a glowing silver altar of Zin.
  4713 | D:6      | 4713 ||| Stepping ~*~*~tactically~*~*~ (stealth).
  4808 | D:6      | Reached skill level 8 in Axes
  4817 | D:6      | Noticed a troll
  4826 | D:6      | HP: 8/53 [troll (7)]
  4827 | D:6      | 4827 ||| READING scroll of teleportation.
  4827 | D:6      | HP: 3/53 [troll (5)]
  4828 | D:6      | 4828 ||| DRINKING 2 potions of heal wounds.
  4829 | D:6      | 4829 ||| DRINKING potion of heal wounds.
  4978 | D:6      | Noticed Eustachio
  4983 | D:6      | 4983 ||| Stepping ~*~*~tactically~*~*~ (stealth).
  4997 | D:6      | Killed Eustachio
  5058 | D:6      | 5058 ||| Stepping ~*~*~tactically~*~*~ (stealth).
  5067 | D:6      | 5067 ||| Stepping ~*~*~tactically~*~*~ (stealth).
  5069 | D:6      | 5069 ||| Stepping ~*~*~tactically~*~*~ (stealth).
  5079 | D:6      | Reached skill level 6 in Fighting
  5079 | D:6      | Reached XP level 9. HP: 56/60 MP: 9/9
  5190 | D:6      | HP: 12/60 [troll (4)]
  5191 | D:6      | HP: 3/60 [troll (7)]
  5193 | D:6      | HP: 1/60 [troll (2)]
  5195 | D:6      | Killed a troll
  5469 | D:6      | Killed a gargoyle
  5543 | D:6      | Noticed a boulder beetle
  5555 | D:6      | HP: 15/60 [boulder beetle (15)]
  5556 | D:6      | Slain by a boulder beetle

Levels and vault maps discovered:
D:1:      moated_graveyard_arrival, layout_rooms, minmay_cupped
D:2:      layout_basic, serial_shops, nicolae_shop_hallway_stairs
D:3:      layout_basic, nicolae_overflow_crystal_walls,
          mainiacjoe_overflow_tiny_flanked
D:4:      layout_gridville, chequers_temple_overflow_statue_of_worship,
          gup_ossuary_entry_pyramid, serial_shops, shop, minmay_snake_closets
D:5:      layout_basic
D:6:      layout_basic, mainiacjoe_overflow_boulevard, lemuel_temple_firewalk_a,
          amethyst_killhole, minivault_14, hangedman_minor_gate_pass,
          uniq_eustachio

Skill      XL: |  1  2  3  4  5  6  7  8 |
---------------+-------------------------+-----
Axes           | 2 3 4 5 7 8 |  8.6
Throwing       | 1 2 |  2.7
Fighting       | 4 5 6 |  6.0
Dodging        | 1 |  1.6
Armour         | 5 |  5.0
Shields        | |  3.2

Action                   |  1- 3 |  4- 6 |  7- 9 || total
-------------------------+-------+-------+-------++-------
Melee: War axe           |   116 |   182 |   183 ||   481
Throw: Javelin           |       |    58 |    29 ||    87
       Boomerang         |       |       |     3 ||     3
  Use: Scroll            |     1 |     6 |     6 ||    13
       Potion            |       |     4 |     6 ||    10
 Stab: Distracted        |       |     1 |       ||     1
Armor: Scale mail        |    67 |   130 |     8 ||   205
       Chain mail        |       |       |   122 ||   122
Dodge: Dodged            |    64 |   101 |    65 ||   230
Block: Buckler           |    31 |    35 |    18 ||    84

Table legend:
 A = Non-vault XP
 B = Vault XP
 C = Vault XP percentage of total XP
 D = Non-vault monster count
 E = Vault monster count
 F = Vault count percentage of total count
                 A         B        C        D         E       F
            +---------+---------+-------+---------+---------+-------
      Total |    1674 |    1045 |  38.4 |     113 |      57 |  33.5
            +---------+---------+-------+---------+---------+-------
        D:1 |      46 |       4 |   8.0 |      23 |       2 |   8.0
        D:2 |      42 |       0 |   0.0 |      17 |       0 |   0.0
        D:3 |      47 |       0 |   0.0 |      20 |       0 |   0.0
        D:4 |     360 |     114 |  24.1 |      12 |      12 |  50.0
        D:5 |     397 |       0 |   0.0 |      17 |       0 |   0.0
        D:6 |     782 |     756 |  49.2 |      24 |       4 |  14.3
    Ossuary |       0 |     171 | 100.0 |       0 |      39 | 100.0
            +---------+---------+-------+---------+---------+-------
